 Dungeon Crawl Stone Soup version 0.30-a0-1112-gfb780f5df6 (webtiles) character file.

Game seed: 13132753466962816933

87 retardedninja the Firebug (level 4, -2/32 HPs)
             Began as a Gnoll Fire Elementalist on Apr 19, 2023.
             Killed by divine providence
             ... invoked by an orc priest
              (10 damage)
             ... on level 3 of the Dungeon.
             The game lasted 00:04:13 (3040 turns).

retardedninja the Firebug (Gnoll Fire Elementalist) Turns: 3040, Time: 00:04:14

Health: -2/32      AC:  2    Str:  7    XL:     4   Next: 51%
Magic:  11/11      EV: 13    Int: 17    God:
Gold:   121        SH:  0    Dex: 12    Spells: 10/13 levels left

rFire   . . .      SeeInvis .    n - +0 mace (drain)
rCold   . . .      Faith    .    (no shield)
rNeg    . . .      Spirit   .    a - +0 robe
rPois   .          Reflect  .    (no helmet)
rElec   .          Rampage  .    (no cloak)
rCorr   .                        (no gloves)
Will    .....                    (no boots)
Stlth   ++                       (no amulet)
HPRegen 0.25/turn                (no ring)
MPRegen 0.12/turn                (no ring)

@: no status effects
A: fangs 1, strong nose, distributed training
a: no special abilities


You were on level 3 of the Dungeon.
You visited 1 branch of the dungeon, and saw 3 of its levels.

You collected 121 gold pieces.

Inventory:

Hand Weapons
 n - a +0 mace of draining (weapon)
Armour
 a - a +0 robe (worn)
Jewellery
 i - a ring of protection from cold
Scrolls
 d - 3 scrolls of identify {unknown}
 e - a scroll of blinking {unknown}
 h - 3 scrolls of teleportation {unknown}
 j - a scroll of magic mapping {unknown}
 k - a scroll of fog {unknown}
 m - a scroll of vulnerability {unknown}
Potions
 f - a potion of degeneration {unknown}
 g - a potion of might {unknown}
 l - a potion of berserk rage {unknown}


   Skills:
 + Level 1.2 Fighting
 + Level 1.2 Short Blades
 + Level 1.2 Long Blades
 + Level 1.2 Axes
 + Level 1.2 Maces & Flails
 + Level 1.2 Polearms
 + Level 1.2 Staves
 + Level 1.2 Ranged Weapons
 + Level 1.2 Throwing
 + Level 1.2 Armour
 + Level 4.7 Dodging
 + Level 4.3 Stealth
 + Level 1.2 Shields
 + Level 1.2 Unarmed Combat
 + Level 5.1 Spellcasting
 + Level 2.3 Conjurations
 + Level 1.0 Hexes
 + Level 1.0 Summonings
 + Level 1.0 Necromancy
 + Level 1.0 Translocations
 + Level 1.0 Transmutations
 + Level 5.5 Fire Magic
 + Level 1.0 Ice Magic
 + Level 1.0 Air Magic
 + Level 1.0 Earth Magic
 + Level 1.0 Poison Magic
 + Level 1.3 Invocations
 + Level 1.2 Evocations


You had 10 spell levels left.
You knew the following spells:

 Your Spells              Type           Power      Damage    Failure   Level
a - Foxfire               Conj/Fire      68%        2x1d7     2%          1
b - Scorch                Fire           46%        2d7       2%          2

Your spell library contained the following spells:

 Spells                   Type           Power      Damage    Failure   Level
 Apportation              Tloc           14%        N/A       10%         1
 Inner Flame              Hex/Fire       15%        N/A       11%         3
 Volatile Blastmotes      Fire/Tloc      30%        2d12      11%         3
 Flame Wave               Conj/Fire      17%        2d7       28%         4
 Alistair's Intoxication  Tmut/Pois      4%         N/A       95%         5


Dungeon Overview and Level Annotations

Branches:
Dungeon (3/15)

Altars:


Innate Abilities, Weirdness & Mutations

You have very sharp teeth.
Your uncanny sense of smell can sniff out nearby items.
Your experience applies equally to all skills.


Message History

Beogh smites you!
* * * LOW HITPOINT WARNING * * *
The orc closely misses you.
The orc priest hits you but does no damage.
You hear a shout!
Unknown command.
Your foxfire dissipates!
The foxfire hits the orc.
The orc is moderately wounded.
It was a potion of curing.
You feel better.
Casting: Foxfire (safe; 2% risk of failure)
Confirm with . or Enter, or press ? or * to list all spells.
Flames lash the orc.
You kill the orc!
Unknown command.
Casting: Scorch (safe; 2% risk of failure)
Confirm with . or Enter, or press ? or * to list all spells.
Flames lash the orc priest.
The orc priest is severely wounded.
The orc priest's fire resistance burns away.
Unknown command.
Casting: Scorch (safe; 2% risk of failure)
Confirm with . or Enter, or press ? or * to list all spells.
Flames lash the orc priest.
The orc priest is lightly wounded.
The orc priest's fire resistance burns away.
The orc priest hits you with a +0 short sword.
* * * LOW HITPOINT WARNING * * *
Casting: Scorch (safe; 2% risk of failure)
Confirm with . or Enter, or press ? or * to list all spells.
Flames lash the orc.
You kill the orc!
The orc priest barely misses you.
The orc priest calls upon Beogh to heal the orc priest.
The orc priest's wounds heal themselves!
Magic courses through your body.
The orc priest is no longer more vulnerable to fire.
The orc priest invokes the aid of Beogh against you.
Beogh smites you!
You die...

#.# #.# ∆ ... #. ..
#.# #.###.# #.#
#>..... #.# #...#.#
#.####o### #.#.#.#
#....@o).# #....)#
######.#.#
#.[...###### #.#.#
#..........####.#.#
###.....####......#o#
#.##....>..########o.
..###.####.# ♣♣
..###.# ##.# ..§##.#
#..# ∆


You could see 2 orc priests.

Vanquished Creatures
  2 worms (D:2)
  A dart slug (D:2)
  5 orcs (D:3)
  8 bats
  9 endoplasms
  4 giant cockroaches
  5 goblins
  8 hobgoblins
  8 kobolds
  6 ball pythons
  2 frilled lizards (D:1)
  8 rats
66 creatures vanquished.

Vanquished Creatures (collateral kills)
  4 foxfires (D:2)
4 creatures vanquished.

Vanquished Creatures (others)
  269 foxfires
269 creatures vanquished.

Grand Total: 339 creatures vanquished

Notes
Turn   | Place    | Note
-------+----------+-------------------------------------------
     0 | D:1      | retardedninja the Gnoll Fire Elementalist began the quest
                  | for the Orb.
     0 | D:1      | Reached XP level 1. HP: 13/13 MP: 6/6
   124 | D:1      | Reached XP level 2. HP: 19/19 MP: 4/7
  1160 | D:2      | Reached skill level 5 in Spellcasting
  1160 | D:2      | Reached XP level 3. HP: 25/25 MP: 5/9
  1446 | D:2      | Reached skill level 1 in Invocations
  1452 | D:2      | Learned a level 2 spell: Scorch
  1981 | D:2      | Reached skill level 1 in Fighting
  1981 | D:2      | Reached skill level 1 in Short Blades
  1981 | D:2      | Reached skill level 1 in Long Blades
  1981 | D:2      | Reached skill level 1 in Axes
  1981 | D:2      | Reached skill level 1 in Maces & Flails
  1981 | D:2      | Reached skill level 1 in Polearms
  1981 | D:2      | Reached skill level 1 in Staves
  1981 | D:2      | Reached skill level 1 in Ranged Weapons
  1981 | D:2      | Reached skill level 1 in Throwing
  1981 | D:2      | Reached skill level 1 in Armour
  1981 | D:2      | Reached skill level 1 in Shields
  1981 | D:2      | Reached skill level 1 in Unarmed Combat
  1981 | D:2      | Reached skill level 1 in Evocations
  2195 | D:2      | Reached XP level 4. HP: 25/32 MP: 2/11
  2805 | D:3      | Reached skill level 1 in Hexes
  2805 | D:3      | Reached skill level 1 in Summonings
  2805 | D:3      | Reached skill level 1 in Necromancy
  2805 | D:3      | Reached skill level 1 in Translocations
  2805 | D:3      | Reached skill level 1 in Transmutations
  2805 | D:3      | Reached skill level 1 in Ice Magic
  2805 | D:3      | Reached skill level 1 in Air Magic
  2805 | D:3      | Reached skill level 1 in Earth Magic
  2805 | D:3      | Reached skill level 1 in Poison Magic
  3040 | D:3      | Killed from afar by an orc priest

Illustrated notes

Levels and vault maps discovered:
D:1:      amcnicky_arrival_choice, layout_basic, minmay_misc_feat_four_crosses
D:2:      layout_loops_ring, serial_bayou_pond_e, minmay_box_of_dots
D:3:      layout_loops_ring, mainiacjoe_overflow_alcove_1,
          grunt_temple_overflow_holy_war, kennysheep_generic_room_12

Skill      XL: |  1  2  3  4 |
---------------+-------------+-----
Conjurations   | 2 |  2.3
Spellcasting   | 5 |  5.1
Invocations    | 1 |  1.3
Fighting       | 1 |  1.2
Short Blades   | 1 |  1.2
Long Blades    | 1 |  1.2
Axes           | 1 |  1.2
Maces & Flails | 1 |  1.2
Polearms       | 1 |  1.2
Staves         | 1 |  1.2
Ranged Weapons | 1 |  1.2
Throwing       | 1 |  1.2
Armour         | 1 |  1.2
Shields        | 1 |  1.2
Unarmed Combat | 1 |  1.2
Evocations     | 1 |  1.2
Hexes          | 1 |  1.0
Summonings     | 1 |  1.0
Necromancy     | 1 |  1.0
Translocations | 1 |  1.0
Transmutations | 1 |  1.0
Ice Magic      | 1 |  1.0
Air Magic      | 1 |  1.0
Earth Magic    | 1 |  1.0
Poison Magic   | 1 |  1.0
Dodging        | |  4.7
Stealth        | |  4.3
Fire Magic     | |  5.5

Action                     |  1- 3 |  4- 6 || total
---------------------------+-------+-------++-------
   Cast: Foxfire           |   114 |    57 ||   171
         Scorch            |     3 |     4 ||     7
    Use: Potion            |     1 |     2 ||     3
 Armour: Robe              |     3 |     1 ||     4
         Skin              |     1 |       ||     1
  Dodge: Dodged            |    10 |     3 ||    13

Table legend: (Time is in decaauts)
 A = Elapsed time spent in this place.
 B = Non-inter-level travel time spent in this place.
 C = Inter-level travel time spent in this place.
 D = Time resting spent in this place.
 E = Time spent auto-exploring this place.
 F = Levels seen in this place.
 G = Mean time per level.
                   A        B        C        D        E       F      G
               +--------+--------+--------+--------+--------+-----+--------+
         Total |   3039 |   2987 |     52 |      0 |   2509 |   3 | 1013.0 |
       Dungeon |   3039 |   2987 |     52 |      0 |   2509 |   3 | 1013.0 |
               +--------+--------+--------+--------+--------+-----+--------+

Top non-repeatable levels by time:
     D:2: 1403 daAuts
     D:1: 1152 daAuts
     D:3: 483 daAuts
